[Event "12th KIIT International 2019"]
[Site "Odisha"]
[Date "2019.06.04"]
[Round "7.3"]
[White "Turov, Maxim"]
[Black "Siva Mahadevan"]
[Result "1-0"]
[ECO "A49"]
[WhiteElo "2579"]
[BlackElo "2298"]
[Annotator "ChessBase"]
[PlyCount "119"]
[EventDate "2019.05.31"]
[EventType "swiss"]
[EventCountry "IND"]
[SourceTitle "playchess.com"]
[Source "ChessBase"]
[SourceQuality "1"]
[TimeControl "5400+30"]

1. d4 Nf6 2. Nf3 g6 3. g3 Bg7 4. Bg2 O-O 5. O-O d6 6. b3 e5 7. dxe5 Nfd7 8. Bb2 Nc6 9. Qc1 Ndxe5 10. Nxe5 Nxe5 11. c4 f5 12. Nc3 c6 13. Qd2 Be6 14. Rfd1 Re8 15. e3 Qc7 16. Ne2 Rad8 17. Rac1 Qf7 18. Bd4 a6 19. h3 g5 20. f4 gxf4 21. exf4 Ng6 22. Bxg7 Qxg7 23. Qd4 Qf7 24. Nc3 Nf8 25. Rd3 Bc8 26. Rcd1 Re6 27. Qf2 Qg7 28. Ne2 Rde8 29. Bf3 Qh6 30. Nd4 Rg6 31. Bg2 Re7 32. Kh2 Rf6 33. Nf3 Rfe6 34. R1d2 Nd7 35. Nh4 Nf6 36. Qa7 Qh5 37. Rxd6 Ne4 38. Rxe6 Bxe6 39. Rd8+ Kf7 40. Qd4 Nf6 41. Nf3 Kg7 42. Qd6 Re8 43. Rxe8 Qxe8 44. Ne5 Bc8 45. Bf3 Nd7 46. Kg2 Nxe5 47. fxe5 Qd7 48. Qxd7+ Bxd7 49. Kf2 Kf7 50. Ke3 Ke6 51. Kf4 Be8 52. Be2 c5 53. Bd3 h6 54. Bxf5+ Ke7 55. g4 b5 56. g5 hxg5+ 57. Kxg5 bxc4 58. bxc4 Bf7 59. e6 Be8 60. h4 1-0

[Event "12th KIIT International 2019"]
[Site "Odisha"]
[Date "2019.06.04"]
[Round "7.9"]
[White "Deshmukh, Anup"]
[Black "Burmakin, Vladimir"]
[Result "1/2-1/2"]
[ECO "A12"]
[WhiteElo "2229"]
[BlackElo "2526"]
[Annotator "RC"]
[PlyCount "83"]
[EventDate "2019.05.31"]
[EventType "swiss"]
[EventCountry "IND"]
[SourceTitle "playchess.com"]
[Source "ChessBase"]
[SourceQuality "1"]
[TimeControl "5400+30"]

1. c4 c6 2. Nf3 Nf6 3. b3 d5 4. Bb2 Bf5 5. d3 e6 6. Nbd2 h6 7. g3 Be7 8. Bg2 O-O 9. O-O a5 10. Re1 Bh7 11. Rc1 a4 12. bxa4 Qa5 13. Rb1 Qxa4 14. Qxa4 Rxa4 15. Bc3 dxc4 16. Rxb7 Nd5 17. Be5 c3 18. Nb3 Rb4 19. Ra7 c5 20. Bxb8 Rbxb8 21. Ne5 Bf6 22. Nd7 Ra8 23. Nxf6+ gxf6 24. Rxa8 Rxa8 25. Ra1 Ra3 26. Bxd5 exd5 27. Nxc5 d4 28. Nb3 Ra4 29. g4 f5 30. h3 fxg4 31. hxg4 f5 32. f3 fxg4 33. fxg4 Bg6 34. Kf2 Bf7 35. Rc1 Kg7 36. Kf3 Bd5+ 37. Kf4 Kf6 38. e3 dxe3+ 39. Kxe3 Rxa2 40. Nd4 Rg2 41. Ne2 Rxg4 42. Nxc3 1/2-1/2

[Event "12th KIIT International 2019"]
[Site "Odisha"]
[Date "2019.06.05"]
[Round "8.5"]
[White "Laxman, R.R."]
[Black "Konguvel, Ponnuswamy"]
[Result "1/2-1/2"]
[ECO "D90"]
[WhiteElo "2437"]
[BlackElo "2293"]
[Annotator "ChessBase"]
[PlyCount "83"]
[EventDate "2019.05.31"]
[EventType "swiss"]
[EventCountry "IND"]
[TimeControl "5400+30"]

1. Nf3 Nf6 2. c4 g6 3. Nc3 Bg7 4. d4 d5 5. cxd5 Nxd5 6. Bd2 Nb6 7. e3 O-O 8. Bb5 a6 9. Be2 Nc6 10. O-O e5 11. dxe5 Nxe5 12. Nxe5 Bxe5 13. Qc2 Be6 14. Rad1 Bg7 15. e4 Qe7 16. Be3 Rfd8 17. b3 Rxd1 18. Rxd1 Rd8 19. Rxd8+ Qxd8 20. f4 Qd7 21. Qd2 Qxd2 22. Bxd2 Bd4+ 23. Kf1 f5 24. Bf3 c6 25. Ke2 Nd7 26. h3 Nc5 27. e5 a5 28. g4 Kf7 29. Be1 a4 30. Nxa4 Nxa4 31. bxa4 Bxa2 32. gxf5 Bc4+ 33. Kd2 gxf5 34. a5 Ke6 35. h4 Bc5 36. Kc3 Bd5 37. Be2 Be3 38. Bd2 Bf2 39. h5 Bc5 40. Bc4 Bxc4 41. Kxc4 Bf2 42. Kb4 1/2-1/2

[Event "12th KIIT International 2019"]
[Site "Odisha"]
[Date "2019.06.05"]
[Round "8.5"]
[White "Laxman, R.R."]
[Black "Konguvel, Ponnuswamy"]
[Result "*"]
[ECO "D90"]
[WhiteElo "2437"]
[BlackElo "2293"]
[Annotator "RC"]
[PlyCount "45"]
[EventDate "2019.05.31"]
[EventType "swiss"]
[EventCountry "IND"]
[SourceTitle "playchess.com"]
[Source "ChessBase"]
[SourceQuality "1"]
[TimeControl "5400+30"]

1. Nf3 Nf6 2. c4 g6 3. Nc3 Bg7 4. d4 d5 5. cxd5 Nxd5 6. Bd2 Nb6 7. e3 O-O 8. Bb5 a6 9. Be2 Nc6 10. O-O e5 11. dxe5 Nxe5 12. Nxe5 Bxe5 13. Qc2 Be6 14. Rad1 Bg7 15. e4 Qe7 16. Be3 Rfd8 17. b3 Rxd1 18. Rxd1 Rd8 19. Rxd8+ Qxd8 20. f4 Qd7 21. Qd2 Qd5 22. Qd3 Qxd3 23. Bd2 *

[Event "12th KIIT International 2019"]
[Site "Odisha"]
[Date "2019.06.05"]
[Round "8.7"]
[White "Ter-Sahakyan, Samvel"]
[Black "Mohammad Fahad, Rahman"]
[Result "1-0"]
[ECO "C92"]
[WhiteElo "2611"]
[BlackElo "2305"]
[Annotator "RC"]
[PlyCount "57"]
[EventDate "2019.05.31"]
[EventType "swiss"]
[EventCountry "IND"]
[SourceTitle "playchess.com"]
[Source "ChessBase"]
[SourceQuality "1"]
[TimeControl "5400+30"]

1. e4 e5 2. Nf3 Nc6 3. Bb5 a6 4. Ba4 Nf6 5. O-O Be7 6. Re1 b5 7. Bb3 d6 8. c3 O-O 9. h3 Bb7 10. d4 Re8 11. Nbd2 Bf8 12. a4 h6 13. Bc2 exd4 14. cxd4 Nb4 15. Bb1 c5 16. d5 Nd7 17. Ra3 c4 18. Ree3 Nc5 19. b3 cxb3 20. Nxb3 Nxa4 21. Nbd4 Qb6 22. Nh4 Rac8 23. Ndf5 g6 24. Rg3 Kh7 25. Bxh6 Bxh6 26. Nxh6 Kxh6 27. Nf5+ Kh7 28. Qd2 gxf5 29. Qg5 1-0

[Event "12th KIIT International 2019"]
[Site "Odisha"]
[Date "2019.06.05"]
[Round "8.11"]
[White "Ziatdinov, Raset"]
[Black "Nguyen, Van Huy"]
[Result "0-1"]
[ECO "B19"]
[WhiteElo "2249"]
[BlackElo "2456"]
[Annotator "RC"]
[PlyCount "119"]
[EventDate "2019.05.31"]
[EventType "swiss"]
[EventCountry "IND"]
[SourceTitle "playchess.com"]
[Source "ChessBase"]
[SourceQuality "1"]
[TimeControl "5400+30"]

1. e4 c6 2. d4 d5 3. Nc3 dxe4 4. Nxe4 Bf5 5. Ng3 Bg6 6. h4 h6 7. Nf3 Nd7 8. h5 Bh7 9. Bd3 Bxd3 10. Qxd3 e6 11. Bd2 Ngf6 12. O-O-O Be7 13. Kb1 Qb6 14. Rhe1 O-O 15. Nf5 exf5 16. Rxe7 Qd8 17. Re2 Ne4 18. Qb3 b5 19. c4 bxc4 20. Qxc4 Rc8 21. Qa6 Ndf6 22. Bb4 c5 23. Ba3 Re8 24. Rc2 c4 25. d5 Nxd5 26. Rd4 Qb6 27. Qxb6 Nxb6 28. Nh4 c3 29. bxc3 Nxc3+ 30. Ka1 Nb5 31. Rxc8 Rxc8 32. Rd3 Rc2 33. Kb1 Rxf2 34. Bc5 Rf1+ 35. Kc2 Rf4 36. Ng6 Rc4+ 37. Kb3 fxg6 38. hxg6 Rc3+ 39. Rxc3 Nxc3 40. Kxc3 Na4+ 41. Kc4 Nxc5 42. Kxc5 Kf8 43. Kd6 f4 44. a4 a5 45. Ke6 Ke8 46. Kd6 Kf8 47. Ke6 h5 48. Kf5 Ke7 49. Kg5 Ke6 50. Kxh5 Kf5 51. Kh4 f3 52. gxf3 Kf4 53. Kh5 Kxf3 54. Kg5 Ke4 55. Kg4 Ke5 56. Kf3 Kf5 57. Ke3 Kxg6 58. Kd4 Kf5 59. Kc5 g5 60. Kd4 {[%emt 0:01:04] Ke5+ [%clk 0:12:33]} 0-1

[Event "12th KIIT International 2019"]
[Site "Odisha"]
[Date "2019.06.05"]
[Round "8.18"]
[White "Panta, Sumit"]
[Black "Roy, Prantik"]
[Result "0-1"]
[ECO "B11"]
[WhiteElo "1999"]
[BlackElo "2365"]
[Annotator "RC"]
[PlyCount "122"]
[EventDate "2019.05.31"]
[EventType "swiss"]
[EventCountry "IND"]
[SourceTitle "playchess.com"]
[Source "ChessBase"]
[SourceQuality "1"]
[TimeControl "5400+30"]

1. e4 c6 2. Nf3 d5 3. Nc3 Bg4 4. h3 Bxf3 5. Qxf3 e6 6. exd5 cxd5 7. Bb5+ Nc6 8. O-O Nf6 9. Ne2 Be7 10. d4 a6 11. Ba4 b5 12. Bb3 Na5 13. c3 Nxb3 14. axb3 O-O 15. Nf4 Qb6 16. Be3 Rfc8 17. Rfc1 Bd6 18. Nd3 Ne4 19. b4 a5 20. bxa5 Rxa5 21. Rxa5 Qxa5 22. b4 Qa2 23. Nc5 Bxc5 24. dxc5 Qb2 25. Bf4 Ra8 26. Qe3 f6 27. Qd4 g5 28. Be3 Kf7 29. c6 Qa2 30. Qb6 Qa6 31. Qc7+ Kg6 32. Qd7 Rc8 33. f3 Ng3 34. Kh2 Nf5 35. Bb6 Ne7 36. Qxe7 Qxb6 37. Qxe6 Qxc6 38. Qe3 Qc4 39. Rd1 Kf7 40. Rd4 Qc7+ 41. Kh1 Re8 42. Qc1 Qg3 43. Rd1 Re2 44. Rg1 Qe5 45. Qa1 h5 46. Qa7+ Kg6 47. Qa8 Qe6 48. Qb7 g4 49. fxg4 hxg4 50. Qxb5 Qe4 51. Qb8 f5 52. Qg8+ Kh6 53. hxg4 fxg4 54. Qh8+ Kg5 55. Qg7+ Kf4 56. Qh6+ Kg3 57. Qh2+ Kf2 58. Rf1+ Ke3 59. Qg1+ Kd3 60. Rd1+ Kc2 61. Rc1+ Kb2 0-1

[Event "12th KIIT International 2019"]
[Site "Odisha"]
[Date "2019.06.06"]
[Round "9.3"]
[White "Amonatov, Farrukh"]
[Black "Gusain, Himal"]
[Result "1-0"]
[ECO "B09"]
[WhiteElo "2624"]
[BlackElo "2404"]
[Annotator "ChessBase"]
[PlyCount "89"]
[EventDate "2019.05.31"]
[EventType "swiss"]
[EventCountry "IND"]
[TimeControl "5400+30"]

1. e4 d6 2. d4 Nf6 3. Nc3 g6 4. f4 Bg7 5. Nf3 c6 6. Bd3 Nbd7 7. e5 Nd5 8. Nxd5 cxd5 9. O-O Nb6 10. c3 O-O 11. Qe1 dxe5 12. fxe5 f6 13. Bf4 Bg4 14. Nd2 Qd7 15. h3 Be6 16. Qe2 a6 17. b3 Rac8 18. Rac1 Na8 19. a4 Nc7 20. Rce1 Bf7 21. Nf3 Ne6 22. Bd2 Rfe8 23. h4 h5 24. Ng5 fxg5 25. Rxf7 Kxf7 26. Qf3+ Bf6 27. hxg5 Qd8 28. Rf1 Nf8 29. gxf6 exf6 30. Bg5 Kg8 31. Bxf6 Qd7 32. Bc2 b5 33. axb5 axb5 34. b4 Qc6 35. Bxg6 Nxg6 36. Qxh5 Kf7 37. Bg5+ Kg8 38. Rf6 Qxf6 39. Bxf6 Nf8 40. Qf3 Re6 41. Qxd5 Rxc3 42. Qxb5 Rc1+ 43. Kh2 Rec6 44. Qd5+ Re6 45. Qb7 1-0

[Event "12th KIIT International 2019"]
[Site "Odisha"]
[Date "2019.06.06"]
[Round "9.6"]
[White "Debashis, Das"]
[Black "Laxman, R.R."]
[Result "1/2-1/2"]
[ECO "D38"]
[WhiteElo "2544"]
[BlackElo "2437"]
[Annotator "RC"]
[PlyCount "134"]
[EventDate "2019.05.31"]
[EventType "swiss"]
[EventCountry "IND"]
[SourceTitle "playchess.com"]
[Source "ChessBase"]
[SourceQuality "1"]
[TimeControl "5400+30"]

1. Nf3 Nf6 2. c4 e6 3. Nc3 d5 4. d4 Bb4 5. Qa4+ Nc6 6. e3 O-O 7. Qc2 b6 8. Bd2 Ba6 9. Qa4 Bb7 10. cxd5 exd5 11. Bb5 Qd6 12. Rc1 Ne7 13. O-O c5 14. Be2 a6 15. dxc5 bxc5 16. Rfd1 Rfc8 17. Be1 Qe6 18. Qc2 Nf5 19. Na4 Bxe1 20. Rxe1 Ne4 21. Nd2 Nxf2 22. Kxf2 Qxe3+ 23. Kf1 Nd4 24. Qd1 Bc6 25. Nxc5 Nxe2 26. Rxe2 Bb5 27. a4 Qf4+ 28. Nf3 Bxe2+ 29. Kxe2 Rc6 30. Nd3 Re8+ 31. Kf1 Rxc1 32. Nxc1 Qc4+ 33. Kf2 Re4 34. b3 Qc5+ 35. Kf1 h6 36. Ne2 a5 37. Qd2 Rb4 38. Ned4 g6 39. Qe3 Kh7 40. h4 Rb7 41. h5 Re7 42. Qf4 Kg7 43. hxg6 fxg6 44. Qd2 Kh7 45. Nb5 Re4 46. Nbd4 g5 47. Ne2 g4 48. Nfd4 Qf8+ 49. Kg1 Qc5 50. Kf2 Qf8+ 51. Ke1 Qc5 52. Kd1 Qb6 53. Qc3 Qf6 54. Ke1 h5 55. g3 h4 56. gxh4 Qxh4+ 57. Kd1 Qf6 58. Kd2 Qg5+ 59. Kd1 Qe5 60. Ke1 Kg6 61. Kf1 g3 62. Kg2 Rxe2+ 63. Nxe2 Qxe2+ 64. Kxg3 Kf5 65. Qxa5 Qe3+ 66. Kg2 Qxb3 67. Qd2 Qxa4 1/2-1/2

[Event "12th KIIT International 2019"]
[Site "Odisha"]
[Date "2019.06.06"]
[Round "9.7"]
[White "Roy, Prantik"]
[Black "Burmakin, Vladimir"]
[Result "1/2-1/2"]
[ECO "D02"]
[WhiteElo "2365"]
[BlackElo "2526"]
[Annotator "ChessBase"]
[PlyCount "61"]
[EventDate "2019.05.31"]
[EventType "swiss"]
[EventCountry "IND"]
[TimeControl "5400+30"]

1. d4 Nf6 2. Nf3 d5 3. Bf4 c6 4. Nbd2 Qb6 5. Rb1 Bf5 6. e3 Nbd7 7. Bd3 Bxd3 8. cxd3 e6 9. O-O Be7 10. b4 O-O 11. h3 Rfc8 12. Qb3 Qd8 13. Rfc1 b6 14. Ne5 Nxe5 15. Bxe5 Nd7 16. Bg3 a5 17. bxa5 Rxa5 18. a4 c5 19. Nf3 Rca8 20. Ne5 Nxe5 21. Bxe5 f6 22. Bg3 Rxa4 23. Qxb6 Qxb6 24. Rxb6 Ra1 25. Rxa1 Rxa1+ 26. Kh2 cxd4 27. exd4 Re1 28. Rb8+ Kf7 29. Rb7 Ke8 30. Rb8+ Kf7 31. Rb7 1/2-1/2

[Event "12th KIIT International 2019"]
[Site "Odisha"]
[Date "2019.06.06"]
[Round "9.15"]
[White "Rakesh Kumar Jena"]
[Black "Baivab Mishra"]
[Result "1/2-1/2"]
[ECO "D02"]
[WhiteElo "2411"]
[BlackElo "2209"]
[Annotator "RC"]
[PlyCount "50"]
[EventDate "2019.05.31"]
[EventType "swiss"]
[EventCountry "IND"]
[SourceTitle "playchess.com"]
[Source "ChessBase"]
[SourceQuality "1"]
[TimeControl "5400+30"]

1. d4 d5 2. Nf3 Nf6 3. Bf4 c6 4. Nbd2 g6 5. e3 Bg7 6. Bd3 O-O 7. h3 c5 8. c3 Nc6 9. Qe2 Nd7 10. h4 e5 11. dxe5 Ndxe5 12. Nxe5 Nxe5 13. Bxe5 Bxe5 14. h5 Bg7 15. hxg6 hxg6 16. O-O-O b5 17. Kb1 c4 18. Bc2 b4 19. Qf3 Qb6 20. Qxd5 Be6 21. Nxc4 Qa6 22. Qa5 Qxc4 23. cxb4 Rab8 24. Bd3 Qxb4 25. Qxb4 Rxb4 1/2-1/2

[Event "12th KIIT International 2019"]
[Site "Odisha"]
[Date "2019.06.07"]
[Round "10.2"]
[White "Petrosyan, Manuel"]
[Black "Amonatov, Farrukh"]
[Result "1/2-1/2"]
[ECO "E94"]
[WhiteElo "2573"]
[BlackElo "2624"]
[Annotator "ChessBase"]
[PlyCount "105"]
[EventDate "2019.05.31"]
[EventType "swiss"]
[EventCountry "IND"]
[SourceTitle "playchess.com"]
[Source "ChessBase"]
[SourceQuality "1"]
[TimeControl "5400+30"]

1. d4 Nf6 2. c4 g6 3. Nc3 Bg7 4. e4 d6 5. Nf3 O-O 6. Be2 e5 7. O-O Nbd7 8. Be3 Ng4 9. Bg5 f6 10. Bh4 Nh6 11. dxe5 dxe5 12. b4 c6 13. Qb3 Nf7 14. c5 Qe7 15. Rad1 Re8 16. Bc4 a5 17. a3 axb4 18. axb4 b5 19. cxb6 Nxb6 20. Nxe5 Nxc4 21. Nxc6 Qe6 22. Nd4 Qg4 23. Bg3 Ba6 24. Rfe1 Nce5 25. b5 Bb7 26. Nd5 Bxd5 27. exd5 Nd6 28. f3 Qd7 29. Nc6 h5 30. b6 Kh7 31. Rc1 Rac8 32. Bxe5 fxe5 33. Ra1 Qf7 34. Ra7 Nb7 35. Qc4 Ra8 36. Qa6 Rxa7 37. bxa7 Nc5 38. Qc4 Bf8 39. Rb1 e4 40. Rb8 exf3 41. gxf3 Qxf3 42. Rxe8 Nd3 43. Rxf8 Qe3+ 44. Kg2 Qe2+ 45. Kg3 g5 46. Rh8+ Kxh8 47. a8=Q+ Kh7 48. Qf8 Qe1+ 49. Kg2 Qe2+ 50. Kg1 Qe3+ 51. Kf1 Qe1+ 52. Kg2 Qe2+ 53. Kg3 1/2-1/2

[Event "12th KIIT International 2019"]
[Site "Odisha"]
[Date "2019.06.07"]
[Round "10.3"]
[White "Ter-Sahakyan, Samvel"]
[Black "Nguyen, Van Huy"]
[Result "1-0"]
[ECO "B12"]
[WhiteElo "2611"]
[BlackElo "2456"]
[Annotator "ChessBase"]
[PlyCount "85"]
[EventDate "2019.05.31"]
[EventType "swiss"]
[EventCountry "IND"]
[SourceTitle "playchess.com"]
[Source "ChessBase"]
[SourceQuality "1"]
[TimeControl "5400+30"]

1. e4 c6 2. d4 d5 3. e5 Bf5 4. Nf3 e6 5. Be2 Nd7 6. O-O Ne7 7. c3 Nc8 8. Nbd2 Be7 9. Re1 O-O 10. Nf1 c5 11. Ng3 Bg6 12. Bd3 c4 13. Bc2 b5 14. Ne2 Re8 15. Nf4 Nf8 16. Nxg6 fxg6 17. g3 a5 18. h4 Nb6 19. Kg2 b4 20. Bd2 Qd7 21. Rh1 a4 22. cxb4 a3 23. b3 cxb3 24. Bxb3 Qb5 25. Rb1 Rec8 26. h5 gxh5 27. Rxh5 Qd3 28. Bg5 Qxd1 29. Bxd1 Bxg5 30. Nxg5 Na4 31. Bg4 Rc2 32. Nxh7 Nc3 33. Rbh1 Nxh7 34. Bxe6+ Kf8 35. Rxh7 Ra6 36. Bc8 Ra7 37. Rh8+ Kf7 38. e6+ Kg6 39. Bd7 Re2 40. Rf8 Kg5 41. Rh7 Kg6 42. Rhh8 Kg5 43. Kh3 1-0

[Event "12th KIIT International 2019"]
[Site "Odisha"]
[Date "2019.06.07"]
[Round "10.4"]
[White "Konguvel, Ponnuswamy"]
[Black "Turov, Maxim"]
[Result "1/2-1/2"]
[ECO "B19"]
[WhiteElo "2293"]
[BlackElo "2579"]
[Annotator "ChessBase"]
[PlyCount "56"]
[EventDate "2019.05.31"]
[EventType "swiss"]
[EventCountry "IND"]
[SourceTitle "playchess.com"]
[Source "ChessBase"]
[SourceQuality "1"]
[TimeControl "5400+30"]

1. e4 c6 2. d4 d5 3. Nc3 dxe4 4. Nxe4 Bf5 5. Ng3 Bg6 6. h4 h6 7. Nf3 Nd7 8. h5 Bh7 9. Bd3 Bxd3 10. Qxd3 e6 11. Bd2 Ngf6 12. O-O-O Bd6 13. Ne4 Nxe4 14. Qxe4 Nf6 15. Qe2 Bc7 16. Rh4 Qe7 17. c4 O-O-O 18. Bc3 Rhe8 19. Rhh1 Ng4 20. Kb1 Qf6 21. Rde1 Qf5+ 22. Ka1 Bd6 23. g3 Bc7 24. Nh4 Qxh5 25. Ng2 Qf5 26. Nh4 Qh5 27. Ng2 Qf5 28. Nh4 Qh5 1/2-1/2

[Event "12th KIIT International 2019"]
[Site "Odisha"]
[Date "2019.06.07"]
[Round "10.5"]
[White "Burmakin, Vladimir"]
[Black "Saurabh Anand"]
[Result "1-0"]
[ECO "A12"]
[WhiteElo "2526"]
[BlackElo "2351"]
[Annotator "ChessBase"]
[PlyCount "68"]
[EventDate "2019.05.31"]
[EventType "swiss"]
[EventCountry "IND"]
[SourceTitle "playchess.com"]
[Source "ChessBase"]
[SourceQuality "1"]
[TimeControl "5400+30"]

1. Nf3 d5 2. g3 Bg4 3. Bg2 Nd7 4. h3 Bh5 5. d3 e6 6. O-O Ngf6 7. c4 c6 8. b3 Bd6 9. Bb2 O-O 10. Nc3 Qe7 11. a3 a6 12. Qd2 Rfc8 13. Rfc1 b5 14. b4 dxc4 15. dxc4 Bxf3 16. exf3 bxc4 17. Na4 c5 18. Bxf6 gxf6 19. Rxc4 cxb4 20. Rd4 Nc5 21. Nb6 Be5 22. axb4 Nb3 23. Nxc8 Qf8 24. Rg4+ Kh8 25. Qd7 Nxa1 26. Rc4 Rb8 27. f4 Bb2 28. Bb7 f5 29. Qc7 Rxb7 30. Qxb7 Bf6 31. Qd7 Nb3 32. Nd6 Kg7 33. Ne8+ Kg6 34. Nxf6 Kxf6 1-0

[Event "12th KIIT International 2019"]
[Site "Odisha"]
[Date "2019.06.07"]
[Round "10.6"]
[White "Hari Madhavan N B"]
[Black "Debashis, Das"]
[Result "1/2-1/2"]
[ECO "D05"]
[WhiteElo "2093"]
[BlackElo "2544"]
[Annotator "ChessBase"]
[PlyCount "111"]
[EventDate "2019.05.31"]
[EventType "swiss"]
[EventCountry "IND"]
[SourceTitle "playchess.com"]
[Source "ChessBase"]
[SourceQuality "1"]
[TimeControl "5400+30"]

1. d4 c5 2. c3 e6 3. Nf3 Nf6 4. e3 b6 5. Bd3 Bb7 6. Nbd2 d5 7. O-O Nbd7 8. Qe2 Be7 9. e4 dxe4 10. Nxe4 O-O 11. dxc5 Nxc5 12. Nxc5 Bxc5 13. Bg5 h6 14. Bxf6 Qxf6 15. Be4 Qe7 16. Rad1 Rad8 17. Bxb7 Qxb7 18. h3 Be7 19. Rxd8 Rxd8 20. Rd1 Rd5 21. Rd2 Qd7 22. Qd1 Rxd2 23. Qxd2 Qc7 24. Qd3 Qf4 25. Qd2 Qc7 26. Qd3 Bf6 27. Qe4 g6 28. g3 Kg7 29. h4 Qd6 30. Kg2 Qd1 31. a3 Qb3 32. Qe2 Qd5 33. Kg1 Qf5 34. Nh2 h5 35. Nf1 Be7 36. Ne3 Qe5 37. Qd3 Bc5 38. Nd1 Qd6 39. Qxd6 Bxd6 40. Kg2 Kf6 41. Kf3 g5 42. hxg5+ Kxg5 43. Ne3 f5 44. c4 a5 45. Nd1 Kf6 46. Nc3 Ke5 47. Na4 Kd4 48. Nxb6 Bc7 49. Nd7 Kxc4 50. b4 axb4 51. axb4 Kxb4 52. Nf8 e5 53. Ne6 Bd6 54. Ng7 f4 55. Nxh5 fxg3 56. Nxg3 1/2-1/2

[Event "12th KIIT International 2019"]
[Site "Odisha"]
[Date "2019.06.07"]
[Round "10.7"]
[White "Kostenko, Petr"]
[Black "Roy, Prantik"]
[Result "1-0"]
[ECO "B13"]
[WhiteElo "2473"]
[BlackElo "2365"]
[Annotator "ChessBase"]
[PlyCount "165"]
[EventDate "2019.05.31"]
[EventType "swiss"]
[EventCountry "IND"]
[SourceTitle "playchess.com"]
[Source "ChessBase"]
[SourceQuality "1"]
[TimeControl "5400+30"]

1. e4 c6 2. d4 d5 3. exd5 cxd5 4. Bd3 Nc6 5. c3 Qc7 6. h3 g6 7. Ne2 Bf5 8. Bf4 Qd7 9. Nc1 Bh6 10. Qd2 Bxf4 11. Qxf4 Nf6 12. Nd2 Qe6+ 13. Kd1 Bxd3 14. Nxd3 Qf5 15. Qe3 h5 16. a4 b6 17. Re1 e6 18. Ne5 Rc8 19. Nd3 h4 20. Re2 g5 21. Rc1 Kf8 22. Qf3 Qxf3 23. Nxf3 Ne4 24. Nd2 Nd6 25. Ne5 Nxe5 26. Rxe5 Rg8 27. Kc2 g4 28. Rh5 gxh3 29. gxh3 Rg2 30. Rf1 Ke7 31. Kd3 Nf5 32. Nf3 Kf6 33. b3 Rd8 34. c4 a5 35. Kc3 Rc8 36. Ne5 Rd8 37. Rh7 Rg7 38. Rxg7 Kxg7 39. Rg1+ Kf6 40. Rg4 Rd6 41. Nf3 Rc6 42. Kd3 dxc4+ 43. bxc4 Rc8 44. Ne5 Rd8 45. Kc3 Rd6 46. Nf3 Rc6 47. Rf4 Ke7 48. d5 Rc5 49. Kd3 Nd6 50. dxe6 fxe6 51. Rxh4 Rf5 52. Rh7+ Ke8 53. Nd4 Rxf2 54. Nxe6 Ra2 55. Nc7+ Kd8 56. Nd5 Nc8 57. Kd4 Rd2+ 58. Kc3 Rh2 59. h4 Rh3+ 60. Kd4 Nd6 61. Nxb6 Rxh4+ 62. Rxh4 Nf5+ 63. Kc5 Nxh4 64. Kb5 Kc7 65. Nd5+ Kd6 66. Ne3 Nf3 67. c5+ Kd7 68. Nc4 Kc7 69. Nxa5 Nd4+ 70. Kc4 Nf5 71. Nb3 Ne3+ 72. Kd3 Nf5 73. Nd4 Ne7 74. Kc4 Ng6 75. Kb5 Nf4 76. a5 Kb7 77. Nc2 Ne6 78. Nb4 Kc7 79. Nd5+ Kb7 80. c6+ Ka7 81. c7 Nd4+ 82. Ka4 Kb7 83. a6+ 1-0

[Event "12th KIIT International 2019"]
[Site "Odisha"]
[Date "2019.06.07"]
[Round "10.9"]
[White "Shyaamnikhil P"]
[Black "Viani Antonio Dcunha"]
[Result "1-0"]
[ECO "E60"]
[WhiteElo "2434"]
[BlackElo "2362"]
[Annotator "ChessBase"]
[PlyCount "117"]
[EventDate "2019.05.31"]
[EventType "swiss"]
[EventCountry "IND"]
[SourceTitle "playchess.com"]
[Source "ChessBase"]
[SourceQuality "1"]
[TimeControl "5400+30"]

1. Nf3 Nf6 2. g3 g6 3. Bg2 Bg7 4. O-O O-O 5. d4 d6 6. b3 c5 7. c4 Nc6 8. Bb2 Bf5 9. d5 Na5 10. Nfd2 Qd7 11. Nc3 a6 12. e4 Bh3 13. Qc2 b5 14. Nd1 Bxg2 15. Kxg2 bxc4 16. bxc4 Qc7 17. Rb1 Rab8 18. Ne3 Nd7 19. Bxg7 Kxg7 20. Qc3+ Kg8 21. f4 f6 22. h4 Rxb1 23. Rxb1 Rb8 24. Rxb8+ Nxb8 25. g4 Nd7 26. g5 Nb7 27. a3 Qa5 28. Qb2 Qb6 29. Qc3 Qa5 30. Qb2 Qb6 31. Qc1 Kf7 32. Kf3 Na5 33. Qc3 Nb7 34. Ke2 Nd8 35. Kd1 Kg7 36. Kc2 Nb7 37. Nf3 Qa5 38. Qb3 Nd8 39. Nd1 Nf7 40. Nb2 Qc7 41. Qc3 Nf8 42. Nd3 Qd7 43. e5 Qg4 44. exf6+ exf6 45. Qxf6+ Kg8 46. Qxf7+ Kxf7 47. Nfe5+ dxe5 48. Nxe5+ Ke7 49. Nxg4 Nd7 50. Kd3 Nb6 51. Nf6 h5 52. Ne4 Nd7 53. Kc3 Kd8 54. Nd2 Kc7 55. Nf3 Kd6 56. Kd3 a5 57. Ke4 a4 58. Ne5 Nb6 59. Kd3 1-0

[Event "12th KIIT International 2019"]
[Site "Odisha"]
[Date "2019.06.07"]
[Round "10.10"]
[White "Malakhatko, Vadim"]
[Black "Nguyen, Phuoc Tam"]
[Result "1-0"]
[ECO "E05"]
[WhiteElo "2505"]
[BlackElo "2238"]
[Annotator "ChessBase"]
[PlyCount "73"]
[EventDate "2019.05.31"]
[EventType "swiss"]
[EventCountry "IND"]
[SourceTitle "playchess.com"]
[Source "ChessBase"]
[SourceQuality "1"]
[TimeControl "5400+30"]

1. Nf3 Nf6 2. c4 e6 3. g3 d5 4. Bg2 Be7 5. O-O O-O 6. d4 dxc4 7. Qc2 a6 8. Qxc4 b5 9. Qc2 Bb7 10. Bd2 Nbd7 11. b4 Bd6 12. a3 Be4 13. Qc1 e5 14. Bc3 exd4 15. Bxd4 Qe7 16. Nc3 Bb7 17. e4 c5 18. bxc5 Bxc5 19. Qb2 Bxd4 20. Nxd4 Qe5 21. Rad1 Rac8 22. Rfe1 Qc5 23. Nd5 Bxd5 24. exd5 Rfe8 25. Rxe8+ Rxe8 26. Rc1 Qa7 27. d6 Ne5 28. Rc7 Qb6 29. Nf5 Kf8 30. h3 h6 31. Qc3 Nc4 32. Bd5 Ne5 33. d7 Nfxd7 34. Rxd7 Qf6 35. Qc5+ Kg8 36. Re7 Rd8 37. Rxe5 1-0

[Event "12th KIIT International 2019"]
[Site "Odisha"]
[Date "2019.06.07"]
[Round "10.11"]
[White "Srihari L R"]
[Black "Rahman, Ziaur"]
[Result "0-1"]
[ECO "E90"]
[WhiteElo "2214"]
[BlackElo "2481"]
[Annotator "ChessBase"]
[PlyCount "120"]
[EventDate "2019.05.31"]
[EventType "swiss"]
[EventCountry "IND"]
[SourceTitle "playchess.com"]
[Source "ChessBase"]
[SourceQuality "1"]
[TimeControl "5400+30"]

1. d4 g6 2. c4 Bg7 3. Nc3 d6 4. e4 Nf6 5. h3 O-O 6. Bg5 Qe8 7. Be2 e5 8. d5 Na6 9. Nf3 Nh5 10. g3 f5 11. Nd2 h6 12. Bh4 Nf6 13. g4 g5 14. Bg3 f4 15. Bh2 h5 16. f3 Kf7 17. Rf1 Rh8 18. Bg1 Bf8 19. a3 hxg4 20. hxg4 Be7 21. b4 Rh3 22. Qc2 Kg7 23. Nb3 c6 24. O-O-O Nc7 25. Kb2 Bd7 26. Rc1 b6 27. dxc6 Bxc6 28. Nd5 Rc8 29. b5 Bd7 30. Nxc7 Rxc7 31. Qd2 Be6 32. a4 Nd7 33. Rc2 Qf7 34. Rfc1 Rh8 35. Qd3 Rd8 36. Qc3 Rdc8 37. Qd3 Qf8 38. Ka2 Bf7 39. Bf2 Nf6 40. Kb1 Bg6 41. Be1 Rd7 42. Ka2 Rcc7 43. Bf1 Qd8 44. Qe2 Bf8 45. Nd2 Qa8 46. Bg2 a6 47. Kb1 axb5 48. axb5 Ra7 49. Nb3 Ra3 50. Rb2 Qa4 51. Qd3 Rc7 52. Qc3 Nd7 53. Bf2 d5 54. c5 Bxc5 55. Bxc5 Rxc5 56. Qd3 Rxb5 57. Kc2 Raxb3 58. Rxb3 Qa2+ 59. Kd1 Rxb3 60. Qxd5 Bf7 0-1